 Dungeon Crawl Stone Soup version 0.19.0 (webtiles) character file.

12252 Tomodo the Basher (level 11, -4/72 HPs)
             Began as a Gargoyle Berserker on Nov 22, 2016.
             Was a High Priest of Trog.
             Slain by a gargoyle
             ... wielding a cursed +0 morningstar
              (11 damage)
             ... in a volcano.
             The game lasted 00:31:46 (10157 turns).

Tomodo the Basher (Gargoyle Berserker)             Turns: 10157, Time: 00:31:46

Health: -4/72      AC: 25    Str: 22    XL:     11   Next: 90%
Magic:  11/11      EV: 15    Int:  8    God:    Trog [*****.]
Gold:   418        SH:  0    Dex: 11    Spells: 0 memorised, 10 levels left

rFire  + . .     SeeInvis .     b - +2 whip (elec)
rCold  . . .     Gourm    .     m - +3 scale mail {rF+}
rNeg   + + .     Faith    +     (no shield)
rPois  ∞         Spirit   .     o - +2 hat
rElec  +         Reflect  .     p - +0 cloak
rCorr  .         Harm     .     x - +0 pair of gloves
MR     .....                    K - +0 pair of boots
Stlth  ..........               s - amulet of faith
                                n - ring of positive energy
                                e - +2 ring of evasion

@: exhausted, slowed, very slow
A: negative energy resistance 1, electricity resistance, unbreathing,
petrification resistance, rot immunity, AC +7
a: Berserk, Trog's Hand, Brothers in Arms, Burn Spellbooks, Renounce Religion


You were in a volcano.
You worshipped Trog.
Trog was extremely pleased with you.
You were hungry.

You visited 2 branches of the dungeon, and saw 12 of its levels.
You also visited: Volcano.

You collected 418 gold pieces.

Inventory:

Hand Weapons
 a - a +4 flail of crushing
 b - a +2 whip of electrocution (weapon)
Armour
 m - a +3 scale mail of fire resistance (worn)
 o - a +2 hat (worn)
 p - a +0 cloak (worn)
 x - a +0 pair of gloves (worn)
 K - a +0 pair of boots (worn)
 L - the +2 helmet "Osasae" {rN+ Str+4 Int+8 Dex-2}
   (You found it on level 8 of the Dungeon)

   It affects your strength (+4).
   It affects your intelligence (+8).
   It affects your dexterity (-2).
   It protects you from negative energy.
 M - the +1 ring mail "Feckoxeo" {Str+3}
   (You found it on level 10 of the Dungeon)

   It affects your strength (+3).
Jewellery
 e - a +2 ring of evasion (left hand)
 n - a ring of positive energy (right hand)
 s - an amulet of faith (around neck)
 z - an uncursed ring of see invisible
 E - an uncursed ring of fire
 N - an uncursed ring of protection from fire {unknown}
 P - an uncursed amulet of the gourmand {unknown}
Wands
 l - a wand of polymorph (6/24)
 v - a wand of digging (24/24)
 w - a wand of slowing (20/48)
Scrolls
 d - 6 scrolls of remove curse
 h - 8 scrolls of identify
 i - 6 scrolls of teleportation
 t - 2 scrolls of blinking
Potions
 f - a potion of agility
 g - a potion of heal wounds
 k - a potion of experience {unknown}
 q - a potion of curing
 r - a potion of lignification
 D - a potion of haste {unknown}
 G - a potion of flight {unknown}
 J - a potion of brilliance {unknown}
 O - 2 potions of invisibility {unknown}
 S - a potion of resistance {unknown}
Miscellaneous
 y - 2 phantom mirrors
Comestibles
 c - 5 bread rations
 u - 3 meat rations
 A - 5 fruits
 B - 2 beef jerkies
 C - 2 royal jellies


   Skills:
 + Level 10.1 Fighting
 * Level 11.9 Maces & Flails
 + Level 9.5 Armour
 + Level 7.1 Dodging


You had 10 spell levels left.
You didn't know any spells.

Dungeon Overview and Level Annotations

Branches:
Dungeon (11/15)            Temple (0/1) D:7            Lair (1/6) D:9
    Orc (0/2) D:11

Altars:
Ashenzari
Dithmenos
Okawaru
Trog
Xom
Yredelemnul
Beogh


Innate Abilities, Weirdness & Mutations

You are resistant to torment.
Your stone body is resilient. (AC +7)
You are immune to poison.
You resist negative energy. (rN+)
You are resistant to electric shocks. (rElec)
You can survive without breathing.
You are immune to petrification.
You are immune to rotting.


Message History

Trog accepts your kill.
In the distance, the volcano erupts with a roar.
The gargoyle misses you.
There is an open door here.
You see here a mace of crushing.
You feel a strong urge to attack something.
You are no longer berserk.
You are exhausted.
You feel yourself slow down.
Your skin stops crawling.
You feel less resistant to hostile enchantments.
The gargoyle hurls a stone arrow at you.
The stone arrow misses you.
The gargoyle hurls a stone arrow at you.
The stone arrow hits you!
* * * LOW HITPOINT WARNING * * *
You hit the gargoyle but do no damage.
The gargoyle is moderately damaged.
The gargoyle hits you with a morningstar!
You die...

...##...#
.. #8.8#
##.## #.#
##†##
##...##
#.....#
#.†∩..#
#..@9.#
###)###
#...#
.......
###8_8###
#...#
#####


You could see a gargoyle.

Vanquished Creatures
  Harold (D:10)
  Erica (D:8)
  A hell hog (Volcano)
  A hill giant (D:11)
  Pikel (D:6)
  Joseph (D:9)
  Maurice (D:8)
  A molten gargoyle (Volcano)
  A spiny frog (Lair:1)
  A komodo dragon (D:9)
  A two-headed ogre (D:5)
  Grinder (D:5)
  A hippogriff (D:7)
  Sigmund (D:3)
  A wraith (D:10)
  The ghost of PrincessPwny the Cudgeler, an amateur MiBe of Trog (D:4)
  A wyvern (D:9)
  8 fire bats (Volcano)
  A hungry ghost (D:10)
  2 hell hounds (Volcano)
  Edmund (D:4)
  8 orc warriors
  2 sky beasts
  7 ice beasts
  6 ogres
  A necrophage (D:6)
  3 phantoms
  3 centaurs
  7 bullfrogs
  3 scorpions
  11 killer bees
  A howler monkey (D:6)
  5 lava snakes (Volcano)
  2 crimson imps
  A bullfrog zombie (D:5)
  A jelly (D:9)
  A centaur zombie (D:8)
  3 hounds
  Crazy Yiuf (D:5)
  A bullfrog skeleton (D:6)
  A centaur skeleton (D:8)
  2 orc priests
  8 orc wizards
  A gnoll shaman (D:4)
  Ijyb (D:3)
  Terence (D:2)
  5 worker ants
  2 killer bee zombies
  2 hound zombies
  13 gnolls
  8 adders
  4 shadow imps
  4 oozes
  A worm (D:2)
  7 leopard geckos
  32 orcs
  2 ball pythons
  10 giant cockroaches
  18 goblins
  12 hobgoblins
  11 jackals
  8 kobolds
  4 quokkas
  9 bats
  5 frilled lizards
  A giant cockroach zombie (D:5)
  2 leopard gecko skeletons
  A leopard gecko zombie (D:5)
  11 rats
282 creatures vanquished.

Vanquished Creatures (others)
  2 slaves (D:6)
  A killer bee (D:8)
  A worker ant (D:6)
  A leopard gecko (D:6)
  A plant (D:9)
6 creatures vanquished.

Grand Total: 288 creatures vanquished

Notes
Turn   | Place    | Note
-------+----------+-------------------------------------------
     0 | D:1      | Tomodo the Gargoyle Berserker began the quest for the Orb.
     0 | D:1      | Reached XP level 1. HP: 14/14 MP: 1/1
   161 | D:1      | Reached XP level 2. HP: 18/19 MP: 2/2
   475 | D:1      | Reached XP level 3. HP: 22/23 MP: 3/3
   596 | D:1      | Reached ** piety under Trog
   959 | D:2      | Noticed Terence
   997 | D:2      | Killed Terence
   997 | D:2      | Reached XP level 4. HP: 29/29 MP: 4/4
  1278 | D:2      | Reached skill level 4 in Maces & Flails
  1671 | D:3      | Noticed Sigmund
  1693 | D:3      | Killed Sigmund
  1693 | D:3      | Reached XP level 5. HP: 22/34 MP: 5/5
  1693 | D:3      | Reached XP level 6. HP: 26/39 MP: 6/6
  2063 | D:3      | Noticed Ijyb
  2083 | D:3      | Killed Ijyb
  2083 | D:3      | Reached skill level 5 in Maces & Flails
  2091 | D:3      | Reached *** piety under Trog
  2280 | D:4      | Noticed Edmund
  2298 | D:4      | Noticed PrincessPwny's ghost (amateur MiBe)
  2319 | D:4      | Killed Edmund
  2319 | D:4      | Reached XP level 7. HP: 44/44 MP: 7/7
  2325 | D:4      | Reached skill level 5 in Fighting
  2762 | D:4      | Killed PrincessPwny's ghost
  2886 | D:4      | Reached skill level 6 in Maces & Flails
  2941 | D:4      | Reached XP level 8. HP: 41/50 MP: 8/8
  2997 | D:4      | Reached **** piety under Trog
  3532 | D:5      | Entered Level 5 of the Dungeon
  3628 | D:5      | Found a runed door.
  3632 | D:5      | Noticed Crazy Yiuf
  3636 | D:5      | Killed Crazy Yiuf
  3697 | D:5      | Reached skill level 5 in Armour
  3699 | D:5      | Found an iron altar of Okawaru.
  3780 | D:5      | Noticed Grinder
  3790 | D:5      | Killed Grinder
  3790 | D:5      | Reached skill level 7 in Maces & Flails
  4155 | D:5      | Noticed a two-headed ogre
  4165 | D:5      | Killed a two-headed ogre
  4444 | D:6      | Reached XP level 9. HP: 37/56 MP: 9/9
  4511 | D:6      | Found a runed door.
  4560 | D:6      | Noticed Pikel
  4570 | D:6      | Killed Pikel
  4570 | D:6      | Reached skill level 8 in Maces & Flails
  4616 | D:6      | Found a shadowy altar of Dithmenos.
  4626 | D:6      | Found a basalt altar of Yredelemnul.
  4866 | D:6      | Found a shimmering altar of Xom.
  5233 | D:6      | Reached skill level 9 in Maces & Flails
  5347 | D:6      | Reached skill level 5 in Dodging
  5573 | D:7      | Received a gift from Trog
  5573 | D:7      | Reached XP level 10. HP: 35/64 MP: 10/10
  5919 | D:6      | Found a roughly hewn altar of Beogh.
  6076 | D:7      | Found a bloodstained altar of Trog.
  6263 | D:7      | Received a gift from Trog
  6476 | D:7      | Found a staircase to the Ecumenical Temple.
  6608 | D:8      | Noticed Maurice
  6631 | D:8      | Killed Maurice
  6631 | D:8      | Reached skill level 10 in Maces & Flails
  6772 | D:8      | Noticed Erica
  6796 | D:8      | Killed Erica
  7077 | D:8      | Reached ***** piety under Trog
  7289 | D:8      | Reached XP level 11. HP: 71/71 MP: 11/11
  7314 | D:8      | Got a transparent helmet
  7325 | D:8      | Identified the +2 helmet "Osasae" {rN+ Str+4 Int+8 Dex-2} (You found it on level 8 of the Dungeon)
  7434 | D:9      | Found a staircase to the Lair.
  7448 | D:9      | Noticed Joseph
  7465 | D:9      | Killed Joseph
  7522 | D:9      | Found a shattered altar of Ashenzari.
  8027 | D:10     | Entered Level 10 of the Dungeon
  8165 | D:10     | Reached skill level 11 in Maces & Flails
  8456 | D:10     | Got a steaming ring mail
  8467 | D:10     | Identified the +1 ring mail "Feckoxeo" {Str+3} (You found it on level 10 of the Dungeon)
  8497 | D:10     | Noticed Harold
  8540 | D:10     | Killed Harold
  9240 | D:11     | Found a staircase to the Orcish Mines.
  9241 | D:11     | Noticed a hill giant
  9266 | D:11     | Killed a hill giant
  9487 | Lair:1   | Entered Level 1 of the Lair of Beasts
  9622 | Lair:1   | Found a dark tunnel.
  9632 | Volcano  | Entered a volcano
 10108 | Volcano  | Found a burning altar of Makhleb.
 10108 | Volcano  | Noticed a hell hog
 10127 | Volcano  | Killed a hell hog
 10134 | Volcano  | Reached skill level 10 in Fighting
 10157 | Volcano  | Slain by a gargoyle

Skill      XL: |  1  2  3  4  5  6  7  8  9 10 11 |
---------------+----------------------------------+-----
Dodging        | 2 3 4 5 6 7 |  7.1
Fighting       | 4 5 6 7 9 10 | 10.1
Maces & Flails | 4 5 6 7 9 10 11 | 11.9
Armour         | 3 4 5 7 8 9 |  9.5

Action                   |  1- 3 |  4- 6 |  7- 9 | 10-12 || total
-------------------------+-------+-------+-------+-------++-------
Melee: Mace              |    92 |    47 |       |       ||   139
       Unarmed           |     1 |       |       |       ||     1
       Whip              |       |   148 |   221 |   564 ||   933
       Flail             |       |       |   172 |       ||   172
Invok: Berserk           |       |     2 |     1 |     2 ||     5
       Trog's Hand       |       |       |     2 |     3 ||     5
       Burn Spellbooks   |       |       |     1 |     1 ||     2
  Use: Potion            |       |       |     7 |       ||     7
       Scroll            |       |       |     8 |     2 ||    10
  Eat: Chunk             |       |     6 |    12 |    15 ||    33
       Fruit             |       |       |     1 |     2 ||     3
       Pizza             |       |       |       |     1 ||     1
Armor: Animal skin       |    17 |       |       |       ||    17
       Scale mail        |    30 |    93 |   204 |   214 ||   541
       Skin              |     7 |       |       |       ||     7
Dodge: Dodged            |    94 |   137 |   302 |   267 ||   800
